 Dungeon Crawl Stone Soup version 0.27.1-3-gb3d3a73c9e (webtiles) character file.

Game seed: 12955826800559420326

940 horus123 the Skirmisher (level 8, -3/84 HPs)
             Began as an Ogre Berserker on Oct 15, 2021.
             Was a Priest of Trog.
             Slain by an iguana (10 damage)
             ... on level 5 of the Dungeon.
             The game lasted 00:07:39 (4571 turns).

horus123 the Skirmisher (Ogre Berserker)            Turns: 4571, Time: 00:07:39

Health: -3/84      AC:  4    Str: 24    XL:     8   Next: 12%
Magic:  8/8        EV: 11    Int:  8    God:    Trog [***...]
Gold:   271        SH:  0    Dex: 14    Spells: 7/7 levels left

rFire    . . .     SeeInvis .   h - +1 flail
rCold    . . .     Faith    .   (no shield)
rNeg     . . .     Spirit   .   b - +1 animal skin
rPois    +         Reflect  .   (helmet restricted)
rElec    .         Harm     .   (no cloak)
rCorr    .         Rampage  .   (gloves unavailable)
Will     .....                  (boots unavailable)
Stlth    ++........             (no amulet)
HPRegen  0.24/turn              j - +6 ring of dexterity
MPRegen  0.11/turn              l - ring of poison resistance

@: mighty, on berserk cooldown, slowed, very slow
A: large, unfitting armour, tough skin 1
a: Renounce Religion, Berserk, Trog's Hand


You were on level 5 of the Dungeon.
You worshipped Trog.
Trog was most pleased with you.
You visited 1 branch of the dungeon, and saw 5 of its levels.

You collected 271 gold pieces.

Inventory:

Hand Weapons
 h - a +1 flail (weapon)
Armour
 b - a +1 animal skin (worn)
Jewellery
 j - a +6 ring of dexterity (left hand)
 l - a ring of poison resistance (right hand)
Wands
 k - a wand of iceblast (8)
Scrolls
 e - 2 scrolls of fear
 i - a scroll of fog
 q - a scroll of teleportation
Potions
 a - a potion of invisibility {unknown}
 c - 3 potions of might
 d - a potion of heal wounds {unknown}
 f - 2 potions of attraction
 g - a potion of curing {unknown}
 m - 2 potions of flight
 o - 2 potions of degeneration {unknown}
 r - a potion of lignification {unknown}


   Skills:
 + Level 6.7 Fighting
 + Level 6.5 Maces & Flails
 + Level 4.3 Dodging
 + Level 2.1 Stealth


You had 7 spell levels left.
You didn't know any spells.
Your spell library was empty.

Dungeon Overview and Level Annotations

Branches:
Dungeon (5/15)
 Temple: D:4-7

Altars:
Uskayaw
Zin


Innate Abilities, Weirdness & Mutations

You are too large for most types of armour.
You have tough skin. (AC +1)


Message History

Trog accepts your kill.
Trog appreciates your killing of a magic user.
Reactivating autopickup.
You feel a bit more experienced. The gnoll barely misses you.
Things that are here:
a +0 dagger; a +0 robe; an orc corpse You closely miss the gnoll.
You are no longer berserk.
You are exhausted.
You feel yourself slow down. The gnoll hits you with a +0 halberd!
You hit the gnoll.
The gnoll is lightly wounded.
The gnoll closely misses you.
You closely miss the gnoll.
The gnoll is lightly wounded.
The gnoll hits you with a +0 halberd!
* * * LOW HITPOINT WARNING * * *
The gnoll hits you with a +0 halberd!
* * * LOW HITPOINT WARNING * * *
You feel very mighty all of a sudden. The gnoll hits you with a +0 halberd.
* * * LOW HITPOINT WARNING * * *
You sock the gnoll!
You kill the gnoll!
Trog accepts your kill.
You start resting.
An iguana comes into view.
An iguana is nearby!
An iguana is nearby!
Found a glowing silver altar of Zin.
The iguana hisses angrily.
You hit the iguana.
The iguana is moderately wounded.
The iguana bites you!
* * * LOW HITPOINT WARNING * * *
The iguana closely misses you.
You hit the iguana.
The iguana is heavily wounded.
The iguana bites you!
You die...

##'##.......
##...###.....
##.....##>....
##)..#...##....
##)..###...##...
##.))## #...##..
##).)## #...##.
##...## #...##
#.@.## #. #
#.l......_ #
#...##.... #
##... ... #
##... . . ##...
. #... .# #... #


You could see an iguana.

Vanquished Creatures
  A water moccasin (D:5)
  2 black bears
  A necrophage (D:5)
  A phantom (D:5)
  4 hounds (D:5)
  4 orc priests
  3 orc wizards
  A hound zombie (D:5)
  A hound skeleton (D:5)
  4 gnolls
  4 adders
  2 worms
  4 dart slugs
  12 orcs
  6 endoplasms
  2 giant cockroaches
  3 goblins
  2 hobgoblins
  3 quokkas
  9 ball pythons
  7 bats
  3 frilled lizards
  2 kobolds (D:1)
  A quokka skeleton (D:4)
  6 rats
88 creatures vanquished.

Notes
Turn   | Place    | Note
-------+----------+-------------------------------------------
     0 | D:1      | horus123 the Ogre Berserker began the quest for the Orb.
     0 | D:1      | Reached XP level 1. HP: 24/24 MP: 1/1
   191 | D:1      | Reached XP level 2. HP: 15/32 MP: 2/2
   375 | D:1      | You fall into a shaft and drop 1 floor!
   916 | D:1      | Reached XP level 3. HP: 34/40 MP: 3/3
  1446 | D:2      | Reached ** piety under Trog
  1447 | D:2      | Reached XP level 4. HP: 49/49 MP: 4/4
  2042 | D:3      | Found a faded altar of an unknown god.
  2229 | D:3      | Noticed a black bear
  2239 | D:3      | Killed a black bear
  2240 | D:3      | Reached skill level 5 in Fighting
  2240 | D:3      | Reached XP level 5. HP: 57/57 MP: 5/5
  2356 | D:3      | You fall into a shaft and drop 1 floor!
  2461 | D:4      | Reached skill level 1 in Stealth
  2461 | D:4      | Reached XP level 6. HP: 58/66 MP: 6/6
  3187 | D:5      | Entered Level 5 of the Dungeon
  3198 | D:5      | Reached skill level 5 in Maces & Flails
  3290 | D:5      | Noticed a necrophage
  3297 | D:5      | Killed a necrophage
  3298 | D:5      | Reached XP level 7. HP: 74/74 MP: 7/7
  3379 | D:5      | Reached *** piety under Trog
  3534 | D:5      | Found a hide-covered altar of Uskayaw.
  3536 | D:5      | Found a glowing silver altar of Zin.
  4535 | D:5      | Reached XP level 8. HP: 84/84 MP: 8/8
  4569 | D:5      | Found a glowing silver altar of Zin.
  4571 | D:5      | Slain by an iguana

Illustrated notes

Levels and vault maps discovered:
D:1:      ebering_trefoil_3fold, layout_basic
D:2:      layout_loops_cross, grunt_ministairs_9, small_statue_intersection,
          grunt_decor_fettered
D:3:      layout_basic, nicolae_qazlal_general_emergency,
          hellmonk_ecumenical_altar_pennies_from_heaven, uniq_ijyb
D:4:      layout_basic
D:5:      layout_basic, jmf_multi_god_temple, kennysheep_diamond

Skill      XL: |  1  2  3  4  5  6  7 |
---------------+----------------------+-----
Dodging        | 3 4 |  4.3
Maces & Flails | 3 4 5 6 |  6.5
Fighting       | 5 6 |  6.7
Stealth        | 1 2 |  2.1

Action                   |  1- 3 |  4- 6 |  7- 9 || total
-------------------------+-------+-------+-------++-------
Melee: Mace              |    82 |    24 |       ||   106
       Flail             |       |    60 |    79 ||   139
Invok: Berserk           |     1 |     4 |     3 ||     8
  Use: Scroll            |     3 |     4 |     5 ||    12
       Potion            |       |       |     1 ||     1
 Stab: Sleeping          |       |     4 |     1 ||     5
Armor: Animal skin       |    29 |    23 |    15 ||    67
Dodge: Dodged            |    49 |    20 |    49 ||   118
